Map: Abyssal Reef LE

Players

Dark - Winner!

  • Race: Zerg Zerg
  • Spawn Location: 5:00

Elazer

  • Race: Zerg Zerg
  • Spawn Location: 11:00

Event: 2017 WCS Global Finals

VOD

Have the link to the VOD?

Description

Time

  • Played on: Oct. 29, 2017, 4:34 p.m.
  • Length: 9:56

All games in this series

Show
View Real Time Build Order
Export as new Build Order

Dark Zerg - Winner!

Build Orders: Hatch First, Muta Ling Bane, Zergling Baneling 

Get SALT Encoding   

  12  0:00  Drone  
  13  0:12  Overlord  
  13  0:17  Drone  
  14  0:30  Drone x2  
  14  0:34  Drone  
  17  0:46  Drone  
  18  0:55  Hatchery  
  17  0:59  Extractor, Drone  
  17  1:13  Spawning Pool  
  17  1:15  Drone  
  17  1:19  Drone  
  18  1:27  Drone  
  19  1:39  Overlord  
  19  1:49  Drone  
  20  2:00  Queen  
  22  2:02  Metabolic Boost  
  22  2:03  Zergling x2  
  22  2:07  Queen  
  22  2:08  Drone  
  26  2:12  Drone  
  27  2:18  Drone  
  28  2:23  Drone  
  28  2:28  Baneling Nest  
  28  2:30  Drone  
  28  2:32  Zergling x2  
  30  2:39  Drone  
  31  2:54  Hatchery  
  31  2:55  Overlord  
  31  2:58  Drone  
  31  2:59  Drone  
  31  3:03  Zergling x2  
  33  3:16  Zergling x12  
  33  3:18  Zergling x2  
  40  3:23  Baneling x2  
  40  3:27  Baneling  
  40  3:28  Drone  
  40  3:29  Overlord  
  41  3:36  Drone x2  
  42  3:43  Drone  
  42  3:47  Queen  
  45  3:50  Baneling x2  
  45  3:53  Drone x3  
  46  4:04  Drone x4  
  50  4:12  Drone x2, Zergling x2  
  50  4:15  Baneling  
  50  4:16  Extractor, Baneling  
  50  4:20  Drone x3  
  50  4:22  Drone x2  
  55  4:24  Zergling x4  
  55  4:28  Overlord  
  56  4:34  Evolution Chamber  
  56  4:38  Roach Warren  
  54  4:40  Drone x3  
  54  4:42  Drone  
  58  4:47  Extractor  
  58  4:48  Drone x4  
  61  4:52  Lair  
  61  4:56  Overlord, Baneling  
  61  5:00  Overlord  
  61  5:02  Baneling x2  
  61  5:05  Zerg Missile Weapons Level 1  
  61  5:07  Overlord  
  61  5:13  Overlord  
  61  5:16  Drone  
  61  5:17  Drone x2  
  61  5:18  Drone x2  
  61  5:19  Roach  
  68  5:22  Roach  
  68  5:24  Drone x2  
  71  5:29  Roach x2  
  71  5:32  Roach x2  
  71  5:33  Drone  
  78  5:36  Drone x2  
  78  5:42  Roach x3  
  86  5:44  Extractor  
  86  5:46  Drone x3  
  88  5:56  Roach  
  88  5:58  Overlord  
  88  5:59  Glial Reconstitution  
  88  6:05  Extractor  
  88  6:09  Overlord  
  88  6:10  Overlord  
  88  6:11  Extractor, Drone  
  86  6:12  Spire, Drone x3  
  86  6:17  Drone x4  
  86  6:18  Drone x3  
  96  6:20  Overseer  
  96  6:21  Overseer  
  96  6:35  Roach x3  
  96  6:37  Hatchery  
  101  6:42  Overlord x2  
  101  6:43  Roach x4  
  109  6:49  Unknown  
  109  6:52  Roach x2  
  109  6:53  Overlord x3  
  113  6:59  Overlord  
  113  7:06  Zerg Missile Weapons Level 2  
  113  7:09  Overlord  
  113  7:15  Overlord  
  113  7:16  Roach  
  113  7:17  Roach x7  
  113  7:18  Roach  
  113  7:22  Ravager x3  
  134  7:25  Roach x2  
  134  7:26  Ravager  
  134  7:27  Roach x2  
  143  7:31  Roach  
  145  7:43  Mutalisk x2  
  147  7:46  Mutalisk  
  147  7:49  Drone x2  
  147  7:50  Drone x2  
  153  7:52  Unknown, Mutalisk  
  153  7:55  Drone  
  153  7:56  Drone x4  
  160  7:59  Queen  
  160  8:02  Extractor, Mutalisk  
  163  8:11  Corruptor  
  165  8:13  Centrifical Hooks  
  165  8:14  Extractor, Overlord  
  164  8:26  Overlord x3  
  162  8:30  Zergling x22  
  172  8:40  Zergling x10  
  177  8:47  Roach x3  
  177  8:48  Roach  
  185  8:54  Roach x2  
  189  8:57  Roach x2  
  189  9:02  Roach x3  
  199  9:04  Baneling x7  
  199  9:05  Baneling x22  
  199  9:17  Baneling x3  
  199  9:35  Roach x2  
Show
View Real Time Build Order
Export as new Build Order

Elazer Zerg 

Build Orders: Hatch First 

Get SALT Encoding   

  12  0:00  Drone  
  13  0:12  Overlord  
  13  0:17  Drone  
  14  0:30  Drone x2  
  16  0:48  Hatchery  
  15  0:51  Drone  
  15  0:55  Drone  
  17  1:09  Spawning Pool  
  16  1:12  Extractor  
  16  1:13  Drone  
  16  1:17  Drone  
  17  1:20  Drone  
  18  1:28  Drone  
  19  1:42  Overlord  
  19  1:50  Drone  
  20  1:56  Queen  
  20  2:00  Queen, Drone  
  20  2:01  Drone  
  26  2:11  Metabolic Boost  
  26  2:12  Drone  
  26  2:13  Zergling x2  
  28  2:21  Drone x2  
  30  2:36  Hatchery  
  29  2:38  Drone  
  29  2:41  Drone  
  31  2:47  Baneling Nest  
  30  2:53  Overlord  
  30  2:55  Drone  
  30  2:57  Drone  
  32  2:59  Drone  
  32  3:04  Drone  
  34  3:06  Zergling x4  
  34  3:12  Overlord, Zergling x2  
  37  3:15  Drone  
  37  3:17  Drone  
  39  3:21  Drone  
  39  3:23  Zergling x2  
  39  3:25  Drone  
  42  3:28  Drone  
  42  3:32  Baneling x2  
  42  3:36  Overlord  
  42  3:38  Zergling x4  
  42  3:39  Zergling x2  
  45  3:43  Baneling x2  
  45  3:44  Queen  
  45  3:49  Zergling x4  
  45  3:51  Zergling x2  
  45  3:53  Overlord  
  44  4:03  Drone  
  44  4:04  Drone x2  
  44  4:07  Baneling x2  
  47  4:10  Queen  
  47  4:11  Drone  
  47  4:14  Drone  
  47  4:15  Drone  
  47  4:16  Drone  
  51  4:23  Drone x2  
  51  4:24  Drone  
  53  4:26  Drone  
  54  4:33  Roach Warren  
  54  4:37  Drone x2  
  55  4:39  Extractor  
  55  4:41  Evolution Chamber  
  55  4:42  Drone  
  55  4:45  Drone x3  
  57  4:48  Drone x2  
  57  4:51  Drone  
  57  4:52  Drone  
  61  4:54  Drone x2  
  61  4:59  Lair  
  63  5:01  Drone  
  63  5:02  Extractor, Drone  
  63  5:09  Zerg Missile Weapons Level 1, Drone x3  
  63  5:11  Drone  
  67  5:14  Drone  
  67  5:16  Roach  
  67  5:18  Overlord  
  70  5:24  Extractor  
  70  5:28  Overlord  
  65  5:29  Drone x2  
  65  5:30  Drone  
  65  5:32  Drone  
  65  5:33  Drone  
  65  5:34  Drone  
  65  5:40  Overlord  
  65  5:41  Roach  
  65  5:42  Roach x2  
  71  5:46  Roach x2  
  75  5:56  Roach x2  
  75  5:57  Roach  
  77  5:59  Roach  
  77  6:00  Roach x2  
  83  6:07  Glial Reconstitution  
  83  6:10  Drone x3  
  83  6:11  Extractor  
  85  6:12  Roach  
  85  6:14  Roach  
  85  6:16  Roach  
  93  6:18  Roach  
  93  6:19  Roach x2  
  93  6:20  Overlord  
  93  6:22  Spine Crawler  
  93  6:23  Roach  
  93  6:25  Overlord  
  98  6:27  Pneumatized Carapace  
  98  6:29  Overseer  
  98  6:36  Overlord  
  99  6:43  Roach x6  
  99  6:45  Roach  
  113  6:48  Unknown  
  113  6:53  Overlord  
  113  6:54  Overlord  
  113  6:55  Drone x3  
  113  6:56  Drone  
  113  6:57  Drone  
  118  7:02  Zerg Missile Weapons Level 2  
  118  7:06  Drone x2  
  118  7:07  Evolution Chamber  
  118  7:08  Drone  
  120  7:10  Drone  
  120  7:11  Drone  
  120  7:13  Drone  
  123  7:16  Overlord  
  123  7:18  Drone x2  
  123  7:20  Drone x2  
  127  7:28  Overlord  
  127  7:33  Roach  
  129  7:37  Roach x2, Hatchery  
  131  7:46  Roach  
  131  7:47  Roach x5  
  131  7:51  Roach x2  
  147  7:59  Overlord  
  147  8:00  Roach x3  
  153  8:08  Overlord  
  153  8:09  Hydralisk Den, Spore Crawler, Drone, Extractor  
  151  8:22  Overlord x2  
  149  8:30  Drone x5  
  148  8:39  Hydralisk x2  
  148  8:41  Overlord x2  
  152  8:42  Muscular Augments  
  152  8:44  Hydralisk  
  152  8:45  Hydralisk x4  
  162  8:49  Spore Crawler  
  162  8:52  Spore Crawler, Hydralisk x2  
  164  8:59  Overlord  
  164  9:00  Hydralisk x3  
  169  9:11  Hydralisk x4  
  169  9:16  Overlord  
  169  9:17  Overlord x2  
  174  9:18  Hydralisk  
  174  9:20  Ravager  
  174  9:21  Ravager  
  174  9:23  Ravager x5  
Tags
 
Add a new tag
Caveats
  • Supply blocks, unpowered buildings, or Contaminate may cause inaccurate times.
  • Supply counts are checked every 10 seconds.